[Event "Djerba Festival Blitz 2025"]
[Site "Djerba"]
[Date "2025.02.21"]
[Round "8.1"]
[White "Moussard, Jules"]
[Black "Dardha, Daniel"]
[Result "1/2-1/2"]
[ECO "C65"]
[WhiteElo "2595"]
[BlackElo "2652"]
[PlyCount "114"]
[EventDate "2025.02.15"]
[EventType "swiss"]
[EventCountry "TUN"]
[TimeControl "180+3"]

1. e4 e5 2. Nf3 Nc6 3. Bb5 Nf6 4. d3 Bc5 5. Bxc6 dxc6 6. O-O Nd7 7. Nbd2 O-O 8. Nc4 f6 9. Nh4 a5 10. a4 g6 11. Be3 Be7 12. Nf3 Rf7 13. d4 exd4 14. Bxd4 Nf8 15. Qe2 Qe8 16. h3 Ne6 17. Be3 b6 18. Rfd1 Ba6 19. b3 Bf8 20. e5 f5 21. Ng5 Nxg5 22. Bxg5 Qe6 23. f4 h6 24. Bh4 Re8 25. Kh2 Bg7 26. Re1 Rd7 27. Rad1 Rd5 28. Qf3 g5 29. fxg5 hxg5 30. Bxg5 Bxc4 31. bxc4 Rxe5 32. Rxe5 Qxe5+ 33. Bf4 Qxf4+ 34. Qxf4 Be5 35. Kg3 Kf7 36. Rd7+ Kf6 37. Rxc7 Bxf4+ 38. Kxf4 Re4+ 39. Kf3 Rxc4 40. Rb7 Rxa4 41. Rxb6 Rc4 42. Ra6 a4 43. h4 Rxh4 44. Rxc6+ Kg5 45. Rc5 Rf4+ 46. Ke3 Rg4 47. Rc8 a3 48. Ra8 f4+ 49. Ke4 Rg3 50. c4 Rc3 51. Kd4 Rc2 52. c5 Kh4 53. Rxa3 Rxg2 54. c6 Rc2 55. Rc3 Rxc3 56. Kxc3 f3 57. c7 f2 1/2-1/2

[Event "Djerba Festival Blitz 2025"]
[Site "Djerba"]
[Date "2025.02.21"]
[Round "8.2"]
[White "Willems, Niels"]
[Black "Maurizzi, Marc`Andria"]
[Result "1-0"]
[ECO "E94"]
[WhiteElo "2414"]
[BlackElo "2581"]
[PlyCount "81"]
[EventDate "2025.02.15"]
[EventType "swiss"]
[EventCountry "TUN"]
[TimeControl "180+3"]

1. c4 Nf6 2. Nc3 e5 3. Nf3 Nc6 4. e4 d6 5. d4 exd4 6. Nxd4 g6 7. Be2 Bg7 8. Be3 O-O 9. O-O Re8 10. Nxc6 bxc6 11. f3 Rb8 12. Qd2 c5 13. Rad1 Nd7 14. b3 Bb7 15. Nd5 Ne5 16. Bg5 f6 17. Bh4 Nc6 18. Bd3 Nd4 19. f4 Bxd5 20. exd5 Qd7 21. f5 Nxf5 22. Bxf5 gxf5 23. Rf3 Re4 24. Qf2 Rbe8 25. Rf1 Bh6 26. Kh1 Be3 27. Qg3+ Rg4 28. Qh3 Bg5 29. Rxf5 Qxf5 30. Rxf5 Rxh4 31. Qc3 Rd4 32. Rf1 Re2 33. b4 Rxa2 34. bxc5 dxc5 35. Qg3 Rf4 36. Rb1 Rb2 37. Rd1 Rbf2 38. h3 Kf7 39. Qd3 Kg7 40. Rb1 f5 41. Qc3+ 1-0

[Event "Djerba Festival Blitz 2025"]
[Site "Djerba"]
[Date "2025.02.21"]
[Round "8.3"]
[White "Stopa, Jacek"]
[Black "Oro, Faustino"]
[Result "0-1"]
[ECO "E48"]
[WhiteElo "2310"]
[BlackElo "2447"]
[PlyCount "69"]
[EventDate "2025.02.15"]
[EventType "swiss"]
[EventCountry "TUN"]
[TimeControl "180+3"]

1. d4 Nf6 2. c4 e6 3. Nc3 Bb4 4. e3 O-O 5. Bd3 d5 6. cxd5 exd5 7. Nge2 Re8 8. O-O b6 9. a3 Bd6 10. b4 c6 11. Qc2 Bb7 12. Rb1 Nbd7 13. f3 Qc7 14. Kh1 Rad8 15. e4 dxe4 16. fxe4 Bxh2 17. e5 Nxe5 18. dxe5 Bxe5 19. Bf4 c5 20. Ne4 Nd5 21. Bd2 cxb4 22. Qxc7 Nxc7 23. Nf2 bxa3 24. Bc3 Bxc3 25. Nxc3 Re3 26. Nb5 Nxb5 27. Bxb5 Rg3 28. Kh2 Rxg2+ 29. Kh3 Rg5 30. Be2 Bc8+ 31. Kh4 Rd4+ 32. Kxg5 h6+ 33. Kh5 Kh7 34. Bg4 Kg8 35. Be2 0-1

[Event "Djerba Festival Blitz 2025"]
[Site "Djerba"]
[Date "2025.02.21"]
[Round "8.4"]
[White "Pichon, Ewen"]
[Black "Njili, Kamel"]
[Result "1-0"]
[ECO "A17"]
[WhiteElo "2351"]
[BlackElo "2406"]
[PlyCount "107"]
[EventDate "2025.02.15"]
[EventType "swiss"]
[EventCountry "TUN"]
[TimeControl "180+3"]

1. Nf3 Nf6 2. c4 e6 3. Nc3 d5 4. e3 a6 5. b3 Be7 6. Bb2 O-O 7. Qc2 b5 8. cxb5 axb5 9. Bxb5 c6 10. Be2 Na6 11. a3 Bd6 12. d4 c5 13. O-O cxd4 14. exd4 Bb7 15. b4 Rc8 16. Qa4 Nc7 17. Rac1 Na8 18. Qa5 Bc7 19. Qb5 Rb8 20. Na4 Ne4 21. Nc5 Bc8 22. Qd3 Nb6 23. Nxe4 dxe4 24. Qxe4 Bb7 25. Qc2 Nd5 26. g3 Bb6 27. Qd2 Nf6 28. Qf4 Qd5 29. Rfd1 Qb3 30. Ba1 Nd5 31. Qd2 Qxa3 32. b5 Qd6 33. Ne5 Qe7 34. Nc6 Qf6 35. Nxb8 Rxb8 36. Bf1 h5 37. h4 Ne7 38. Bg2 Bxg2 39. Kxg2 Nd5 40. Qg5 Qxg5 41. hxg5 Ra8 42. Bb2 Ra5 43. Rc8+ Kh7 44. Bc1 Rxb5 45. Be3 Rb2 46. Kf3 Kg6 47. Rdc1 Rb3 48. Rb8 Ra3 49. Rc4 Ra2 50. Rb7 Bd8 51. Rc8 Bf6 52. gxf6 Nxf6 53. Rcc7 h4 54. gxh4 1-0

[Event "Djerba Festival Blitz 2025"]
[Site "Djerba"]
[Date "2025.02.21"]
[Round "8.5"]
[White "Kakavand, Ramtin"]
[Black "Maghsoodloo, Parham"]
[Result "0-1"]
[ECO "B06"]
[WhiteElo "2106"]
[BlackElo "2680"]
[PlyCount "92"]
[EventDate "2025.02.15"]
[EventType "swiss"]
[EventCountry "TUN"]
[TimeControl "180+3"]

1. e4 g6 2. d4 Bg7 3. c3 d6 4. Bd3 Nc6 5. h3 e5 6. Nf3 Bd7 7. Be3 exd4 8. cxd4 Nge7 9. Nc3 O-O 10. O-O a6 11. a4 Nb4 12. Bb1 a5 13. Na2 Na6 14. Bd3 h6 15. Qd2 Kh7 16. b3 f5 17. exf5 Nxf5 18. Rad1 Bc6 19. Be2 Bd5 20. Rb1 c6 21. Nc3 Bg8 22. Bc4 Nb4 23. Bxg8+ Kxg8 24. Rfe1 Qd7 25. Rbd1 Qf7 26. Rb1 g5 27. Nh2 Rae8 28. Red1 Re7 29. Re1 Rfe8 30. Nf1 Bxd4 31. Bxd4 Rxe1 32. Rxe1 Rxe1 33. Qxe1 Nxd4 34. Ne4 Qe6 35. Nfg3 d5 36. Qc3 Qxe4 37. Nxe4 Ne2+ 38. Kf1 Nxc3 39. Nxc3 Nd3 40. Nb1 Kf7 41. Nd2 Ke6 42. Ke2 Nc5 43. Kd1 Ne4 44. Nf3 Nxf2+ 45. Ke2 Ne4 46. Ke3 c5 {[%emt 0:00:00] Kd4 Ke5+} 0-1

[Event "Djerba Festival Blitz 2025"]
[Site "Djerba"]
[Date "2025.02.21"]
[Round "8.6"]
[White "Kaabi, Iheb"]
[Black "Edouard, Romain"]
[Result "0-1"]
[ECO "B23"]
[WhiteElo "1810"]
[BlackElo "2544"]
[PlyCount "58"]
[EventDate "2025.02.15"]
[EventType "swiss"]
[EventCountry "TUN"]
[TimeControl "180+3"]

1. e4 c5 2. Nc3 g6 3. d4 cxd4 4. Qxd4 Nf6 5. Bb5 Nc6 6. Bxc6 dxc6 7. Qxd8+ Kxd8 8. Bf4 Bg7 9. O-O-O+ Ke8 10. f3 Nd7 11. Nge2 e5 12. Be3 Ke7 13. h4 h5 14. Na4 b6 15. Rd2 Nf8 16. Nac3 Ne6 17. f4 exf4 18. Nxf4 Re8 19. a4 Kf8 20. Rf1 Nxf4 21. Bxf4 Bg4 22. Bd6+ Kg8 23. Rdf2 Be6 24. Ne2 Rad8 25. e5 Bc4 26. b3 Bxe2 27. Rxe2 Rxd6 28. exd6 Rxe2 29. d7 Bh6+ {[%emt 0:00:30] Rh1} 0-1

[Event "Djerba Festival Blitz 2025"]
[Site "Djerba"]
[Date "2025.02.21"]
[Round "8.7"]
[White "Kobalia, Mikhail"]
[Black "Bouzidi, Ahmed"]
[Result "1-0"]
[ECO "C65"]
[WhiteElo "2538"]
[BlackElo "2168"]
[PlyCount "56"]
[EventDate "2025.02.15"]
[EventType "swiss"]
[EventCountry "TUN"]
[TimeControl "180+3"]

1. e4 e5 2. Nf3 Nc6 3. Bb5 Nf6 4. d3 Ne7 5. d4 Nxe4 6. dxe5 Ng6 7. Qd5 Nc5 8. Bc4 Ne6 9. Nc3 Be7 10. h4 Nxh4 11. Nxh4 Bxh4 12. Be3 c6 13. Qd2 b5 14. Bb3 Be7 15. Ne4 Qc7 16. Nd6+ Bxd6 17. exd6 Qd8 18. O-O-O Qf6 19. Bxe6 fxe6 20. Bd4 Qg6 21. Rh3 Rg8 22. Rg3 Qf5 23. Bxg7 c5 24. Bh6 Rxg3 25. fxg3 Bb7 26. Bg5 a5 27. Be7 a4 28. Qe2 a3 1-0

[Event "Djerba Festival Blitz 2025"]
[Site "Djerba"]
[Date "2025.02.21"]
[Round "8.9"]
[White "Viers, Emmanuel"]
[Black "Chelly, Yahya"]
[Result "1-0"]
[ECO "C13"]
[WhiteElo "2072"]
[BlackElo "2106"]
[PlyCount "135"]
[EventDate "2025.02.15"]
[EventType "swiss"]
[EventCountry "TUN"]
[TimeControl "180+3"]

1. d4 d5 2. Nc3 Nf6 3. Nf3 e6 4. Bg5 Be7 5. Bxf6 Bxf6 6. e4 dxe4 7. Nxe4 Nd7 8. Bd3 O-O 9. O-O c6 10. Qe2 Qe7 11. c3 Rd8 12. Rae1 Nf8 13. Nxf6+ Qxf6 14. Ne5 Ng6 15. Qe4 Bd7 16. Re3 Be8 17. Rf3 Qg5 18. Rg3 Qd2 19. h4 f5 20. Qe3 Qxe3 21. Rxe3 Nxh4 22. Bc4 f4 23. Bxe6+ Kh8 24. Re4 Ng6 25. Nxg6+ Bxg6 26. Rxf4 Re8 27. Bg4 h6 28. Bf3 Re7 29. g3 Rae8 30. Kg2 Kh7 31. Rd1 Rd8 32. d5 cxd5 33. Rxd5 Rxd5 34. Bxd5 Rd7 35. Bf3 Rd2 36. Rb4 b6 37. a4 Rd6 38. Rc4 a5 39. Rc7 Rd2 40. b4 Ra2 41. bxa5 bxa5 42. Bc6 Ra3 43. Bb5 Bc2 44. Ra7 Rxc3 45. Rxa5 Ra3 46. Kh3 Bf5+ 47. Kg2 Bc2 48. Ra7 Be4+ 49. Kf1 Bc2 50. Ke2 Kg6 51. a5 Kf6 52. a6 Ra2 53. Ke3 Ba4 54. Bd3 Ra3 55. Kd4 Bb3 56. Rb7 Bf7 57. Rb6+ Ke7 58. Rb7+ Kf8 59. a7 Be8 60. Kc5 Ra5+ 61. Kb6 Ra3 62. Rb8 Rb3+ 63. Kc7 Rc3+ 64. Kb6 Rb3+ 65. Kc7 Rc3+ 66. Kb6 Rb3+ 67. Kc5 Rxd3 68. a8=Q 1-0

[Event "Djerba Festival Blitz 2025"]
[Site "Djerba"]
[Date "2025.02.21"]
[Round "8.10"]
[White "Dejardin, Gregoire"]
[Black "Boudriga, Mohamed Ali"]
[Result "0-1"]
[ECO "A30"]
[WhiteElo "1932"]
[BlackElo "2323"]
[PlyCount "94"]
[EventDate "2025.02.15"]
[EventType "swiss"]
[EventCountry "TUN"]
[TimeControl "180+3"]

1. Nf3 Nf6 2. b3 e6 3. Bb2 b6 4. g3 Bb7 5. Bg2 Be7 6. O-O O-O 7. c4 c5 8. d4 cxd4 9. Nxd4 Bxg2 10. Kxg2 Qc8 11. f3 d5 12. Nd2 Rd8 13. cxd5 Nxd5 14. Nc4 Qb7 15. e4 Nb4 16. Qe2 N8c6 17. Nxc6 Nxc6 18. Rfd1 Bc5 19. Rxd8+ Rxd8 20. Rd1 Qc8 21. Rxd8+ Qxd8 22. Qd2 Qxd2+ 23. Nxd2 Nb4 24. a4 Nd3 25. Bc3 Be3 26. Nc4 Bc5 27. Kf1 Nc1 28. Nd2 Be3 29. Nc4 Bc5 30. b4 Bf8 31. a5 b5 32. Na3 a6 33. Nxb5 Na2 34. Bd2 Nxb4 35. Bxb4 Bxb4 36. Nc7 Bxa5 37. Nxa6 Bb6 38. Ke2 Kf8 39. Nb4 Ke8 40. h4 h5 41. g4 Bd8 42. g5 g6 43. Nd3 Bc7 44. Kf2 Kd7 45. Ne1 Kc6 46. Ng2 Kb5 47. Ke3 Kc4 0-1

[Event "Djerba Festival Blitz 2025"]
[Site "Djerba"]
[Date "2025.02.21"]
[Round "8.11"]
[White "Amdouni, Zoubaier"]
[Black "Minde, Baptiste"]
[Result "1-0"]
[ECO "C01"]
[WhiteElo "2229"]
[BlackElo "1896"]
[PlyCount "57"]
[EventDate "2025.02.15"]
[EventType "swiss"]
[EventCountry "TUN"]
[TimeControl "180+3"]

1. e4 e6 2. d4 d5 3. Bd3 c5 4. exd5 exd5 5. Nf3 Nf6 6. O-O c4 7. Be2 Be7 8. b3 cxb3 9. axb3 O-O 10. c4 Nc6 11. h3 Bf5 12. Nc3 Re8 13. Bg5 Nb4 14. Ra4 Bc2 15. Qa1 Bxb3 16. Bxf6 Nc2 17. Bxe7 Qxe7 18. Qb2 Bxa4 19. Bd1 Nxd4 20. Nxd4 Bxd1 21. Nxd5 Qc5 22. Rxd1 Rad8 23. Ne3 b6 24. Qc3 a5 25. g3 g6 26. Ng4 Re4 27. Nf6+ Kg7 28. Nxe4 a4 29. Nxc5 1-0

[Event "Djerba Festival Blitz 2025"]
[Site "Djerba"]
[Date "2025.02.21"]
[Round "8.12"]
[White "Gemelli, Romain"]
[Black "Doucet, Pierre-Alois"]
[Result "1-0"]
[ECO "A03"]
[WhiteElo "2203"]
[BlackElo "2027"]
[PlyCount "71"]
[EventDate "2025.02.15"]
[EventType "swiss"]
[EventCountry "TUN"]
[TimeControl "180+3"]

1. b3 d5 2. Bb2 c5 3. e3 Nc6 4. Bb5 Bd7 5. f4 e6 6. Nf3 Nf6 7. O-O Bd6 8. d3 a6 9. Bxc6 Bxc6 10. Ne5 Qc7 11. Nd2 O-O-O 12. Ndf3 Be8 13. c4 dxc4 14. bxc4 h6 15. Qb3 Rg8 16. d4 Nd7 17. Rab1 g5 18. Bc3 f6 19. Ba5 b6 20. Nxd7 bxa5 21. Nxf6 Bg6 22. Nxg8 Bxb1 23. Rxb1 Rxg8 24. fxg5 cxd4 25. exd4 hxg5 26. Qb6 g4 27. Qxa6+ Kd8 28. Rb7 gxf3 29. Rxc7 Rxg2+ 30. Kf1 Kxc7 31. Qa7+ Kd8 32. Qa8+ Ke7 33. Qxf3 Rxh2 34. Qb7+ Kf6 35. c5 Rh1+ 36. Qxh1 1-0

[Event "Djerba Festival Blitz 2025"]
[Site "Djerba"]
[Date "2025.02.21"]
[Round "8.14"]
[White "Zouaghi, Ahmed"]
[Black "Achour, Mohamed Anis"]
[Result "0-1"]
[ECO "C45"]
[WhiteElo "1919"]
[BlackElo "2066"]
[PlyCount "72"]
[EventDate "2025.02.15"]
[EventType "swiss"]
[EventCountry "TUN"]
[TimeControl "180+3"]

1. e4 e5 2. Nf3 Nc6 3. d4 exd4 4. Nxd4 Nf6 5. Nxc6 bxc6 6. Nd2 d6 7. Bd3 Be7 8. O-O O-O 9. b3 Nd7 10. Bb2 Nc5 11. Be2 Bf6 12. Bxf6 Qxf6 13. Kh1 a5 14. a4 Re8 15. f3 Ne6 16. Nc4 Nf4 17. Ne3 Nxe2 18. Qxe2 Ba6 19. c4 d5 20. Ng4 Qc3 21. Rab1 dxc4 22. Rfc1 cxb3 23. Rxc3 Bxe2 24. Rbxb3 Red8 25. h3 Rd1+ 26. Kh2 Rd2 27. Rxc6 Bd1 28. Ra3 h5 29. Ne3 Bxf3 30. Rxc7 Bxe4 31. Kg3 g5 32. Rc4 f5 33. Rc7 f4+ 34. Kh2 fxe3 35. Rxe3 Rxg2+ 36. Kh1 Re2+ 0-1

[Event "Djerba Festival Blitz 2025"]
[Site "Djerba"]
[Date "2025.02.21"]
[Round "8.15"]
[White "Messala, Noureddine"]
[Black "Bensadi, Lotfi"]
[Result "1-0"]
[ECO "E11"]
[WhiteElo "2069"]
[BlackElo "1971"]
[PlyCount "108"]
[EventDate "2025.02.15"]
[EventType "swiss"]
[EventCountry "TUN"]
[TimeControl "180+3"]

1. d4 Nf6 2. Nf3 e6 3. c4 Bb4+ 4. Bd2 Qe7 5. a3 Bxd2+ 6. Nbxd2 d6 7. e3 b6 8. Bd3 Bb7 9. Qc2 Nbd7 10. O-O a5 11. b4 O-O 12. Ne4 e5 13. d5 Nxe4 14. Bxe4 g6 15. Bd3 f5 16. e4 f4 17. Nd2 Kh8 18. Nb3 a4 19. Nd2 Nf6 20. c5 g5 21. cxd6 cxd6 22. Nc4 Qd8 23. f3 Ba6 24. Qe2 Bxc4 25. Bxc4 Rg8 26. Bb5 g4 27. Kh1 Qf8 28. Rac1 Rc8 29. Rc6 Rxc6 30. dxc6 Ne8 31. Bxa4 Nc7 32. Bb3 Rg5 33. fxg4 Qg7 34. h3 h5 35. Bd1 hxg4 36. hxg4 Ne8 37. Rf3 Nf6 38. Rh3+ Kg8 39. Bb3+ Kf8 40. Qa6 Rxg4 41. Qc8+ Ne8 42. Qe6 Rxg2 43. Qf5+ Ke7 44. Qe6+ Kf8 45. Qf5+ Ke7 46. Rh7 Rg1+ 47. Kh2 Rg2+ 48. Kh3 Rg3+ 49. Kh4 Rg4+ 50. Qxg4 Qxh7+ 51. Qh5 Qxh5+ 52. Kxh5 Nf6+ 53. Kg6 Nxe4 54. Bd5 Nf6 1-0

[Event "Djerba Festival Blitz 2025"]
[Site "Djerba"]
[Date "2025.02.21"]
[Round "8.16"]
[White "El Kadi, Ismael"]
[Black "Maisuradze, Nino"]
[Result "0-1"]
[ECO "B22"]
[WhiteElo "1852"]
[BlackElo "2174"]
[PlyCount "51"]
[EventDate "2025.02.15"]
[EventType "swiss"]
[EventCountry "TUN"]
[TimeControl "180+3"]

1. e4 c5 2. c3 d5 3. exd5 Qxd5 4. Nf3 Nf6 5. d4 e6 6. Na3 Nc6 7. Nb5 Qd8 8. Be2 a6 9. Na3 cxd4 10. cxd4 b5 11. O-O Bb7 12. Bg5 Be7 13. Nc2 O-O 14. a3 Rc8 15. Ne3 Na5 16. Rc1 Rxc1 17. Qxc1 Nb3 18. Qc3 Bxf3 19. Bxf3 Nxd4 20. Bd1 Ne4 21. Bxe7 Nxc3 22. Bxd8 Nce2+ 23. Kh1 Rxd8 24. Re1 Nf4 25. Nc2 Nd3 26. Rf1 0-1

[Event "Djerba Festival Blitz 2025"]
[Site "Djerba"]
[Date "2025.02.21"]
[Round "8.18"]
[White "Alonso Garuti, Luis Eugenio"]
[Black "Boulrens, Ala Eddine"]
[Result "0-1"]
[ECO "B03"]
[WhiteElo "1845"]
[BlackElo "2121"]
[PlyCount "46"]
[EventDate "2025.02.15"]
[EventType "swiss"]
[EventCountry "TUN"]
[TimeControl "180+3"]

1. e4 d6 2. f4 Nf6 3. e5 dxe5 4. fxe5 Nd5 5. d4 e6 6. Nf3 c5 7. c3 cxd4 8. cxd4 Nc6 9. Nc3 Be7 10. Bd3 Bd7 11. h4 h6 12. Bd2 Qb6 13. Nb5 a6 14. Nc3 Nxd4 15. Nxd5 exd5 16. Be3 Nxf3+ 17. Qxf3 d4 18. Bf4 Be6 19. Be4 Rb8 20. b3 Bb4+ 21. Kf1 Bc3 22. Rc1 Qa5 23. Bxb7 Qb5+ 0-1

[Event "Djerba Festival Blitz 2025"]
[Site "Djerba"]
[Date "2025.02.21"]
[Round "8.19"]
[White "Nassr, Lina"]
[Black "Ferahi, Tarik"]
[Result "0-1"]
[ECO "D05"]
[WhiteElo "1934"]
[BlackElo "1612"]
[PlyCount "59"]
[EventDate "2025.02.15"]
[EventType "swiss"]
[EventCountry "TUN"]
[TimeControl "180+3"]

1. d4 Nf6 2. Nf3 e6 3. e3 d5 4. Bd3 c5 5. b3 Nc6 6. Bb2 Be7 7. dxc5 Bxc5 8. a3 O-O 9. Nbd2 a6 10. b4 Be7 11. c4 dxc4 12. Bxc4 b5 13. Be2 Bb7 14. O-O Rc8 15. Rc1 h6 16. Qb3 Qd5 17. Rfd1 Qh5 18. Nf1 g5 19. Ng3 Qg6 20. Bd3 Qg7 21. Nh5 Qh8 22. Nd2 Na7 23. Ne4 Bxe4 24. Bxe4 Rxc1 25. Rxc1 Rd8 26. Qc3 Rc8 27. Nxf6+ Bxf6 28. Qxc8+ Nxc8 29. Rxc8+ Kg7 30. Rxh8 0-1

[Event "Djerba Festival Blitz 2025"]
[Site "Djerba"]
[Date "2025.02.21"]
[Round "8.20"]
[White "Skhiri Youssef"]
[Black "Amrane, Abdellah"]
[Result "0-1"]
[ECO "A15"]
[WhiteElo "1808"]
[BlackElo "2021"]
[PlyCount "67"]
[EventDate "2025.02.15"]
[EventType "swiss"]
[EventCountry "TUN"]
[TimeControl "180+3"]

1. c4 e5 2. g3 d6 3. Bg2 g6 4. Nc3 Bg7 5. Nf3 Nf6 6. O-O Nc6 7. d3 h6 8. a3 a5 9. b3 O-O 10. Bb2 Be6 11. d4 e4 12. Nh4 Bd7 13. Nxe4 Nxe4 14. Bxe4 f5 15. Bg2 Kh7 16. Nf3 Qf6 17. Rb1 Qf7 18. d5 Ne5 19. Qd2 Rae8 20. Nxe5 dxe5 21. Rfd1 f4 22. d6 c6 23. gxf4 exf4 24. Bxg7 Qxg7 25. Kh1 Re5 26. Rg1 Qf6 27. Qd3 Rh5 28. Be4 Bf5 29. Bxf5 Rxf5 30. d7 f3 31. e4 Rh5 32. Rg3 Qh4 33. Kg1 Qxh2+ 34. Kf1 0-1

[Event "Djerba Festival Blitz 2025"]
[Site "Djerba"]
[Date "2025.02.21"]
[Round "8.23"]
[White "MEZGOURI NOUREDDINE"]
[Black "Dauvois, Theo"]
[Result "1-0"]
[ECO "A01"]
[WhiteElo "1891"]
[BlackElo "1663"]
[PlyCount "146"]
[EventDate "2025.02.15"]
[EventType "swiss"]
[EventCountry "TUN"]
[TimeControl "180+3"]

1. b3 d5 2. Bb2 Nf6 3. g3 Nc6 4. Bg2 e5 5. e3 Bg4 6. Ne2 Bd6 7. h3 Bh5 8. d3 O-O 9. Nd2 Qe7 10. e4 d4 11. a3 Nd7 12. Nc4 Bg6 13. O-O f5 14. exf5 Bxf5 15. f4 Rae8 16. fxe5 Ndxe5 17. Nxe5 Bxe5 18. Nf4 Bxf4 19. Rxf4 Qe3+ 20. Kh2 Qe2 21. Rf1 Re7 22. Re1 Qxd1 23. Raxd1 Rfe8 24. Rf1 Bd7 25. Rf2 Re2 26. Rdf1 h6 27. Bxc6 Bxc6 28. Bxd4 Rxf2+ 29. Rxf2 Re1 30. g4 Rh1+ 31. Kg3 Rg1+ 32. Kf4 Rg3 33. h4 Rg1 34. Be5 Bd7 35. Bxc7 Rxg4+ 36. Ke5 Rxh4 37. Bd6 Bc6 38. Rf8+ Kh7 39. Rf7 Rh5+ 40. Ke6 Bd5+ 41. Ke7 Bxf7 42. Kxf7 Rf5+ 43. Ke6 Rf6+ 44. Ke5 h5 45. Be7 Rf2 46. d4 Re2+ 47. Kd6 Rxc2 48. d5 Kh6 49. Ke6 Rd2 50. d6 g5 51. d7 h4 52. d8=Q Rxd8 53. Bxd8 g4 54. Bxh4 Kh5 55. Bg3 Kg5 56. Ke5 a6 57. a4 Kg6 58. Kf4 Kf6 59. Kxg4 Ke6 60. b4 Kd5 61. a5 Kc4 62. Bd6 Kd5 63. Bc5 Kc4 64. Kf5 Kd5 65. Kf6 Kc6 66. Ke6 Kc7 67. Ke7 Kc6 68. Kd8 b5 69. axb6 Kb7 70. Kd7 Kb8 71. Kc6 Ka8 72. b7+ Kb8 73. Bd6+ Ka7 1-0

[Event "Djerba Festival Blitz 2025"]
[Site "Djerba"]
[Date "2025.02.21"]
[Round "8.24"]
[White "Zenaidi, Sadok"]
[Black "Minde, Timothe"]
[Result "1-0"]
[ECO "C05"]
[WhiteElo "1872"]
[BlackElo "1879"]
[PlyCount "107"]
[EventDate "2025.02.15"]
[EventType "swiss"]
[EventCountry "TUN"]
[TimeControl "180+3"]

1. e4 e6 2. d4 d5 3. Nd2 Nf6 4. e5 Nfd7 5. Ndf3 c5 6. dxc5 Nc6 7. Bf4 Bxc5 8. Bd3 Nb4 9. Ne2 Nxd3+ 10. Qxd3 f6 11. O-O O-O 12. exf6 Qxf6 13. Bd2 Bd6 14. Bc3 Qe7 15. Rae1 Nc5 16. Qd1 Ne4 17. Ng3 Nxc3 18. bxc3 b6 19. Qd3 a5 20. Nd4 Ba6 21. Nb5 Qd7 22. a4 Bxg3 23. hxg3 Rac8 24. Re3 Rc4 25. Rb1 Rxa4 26. Ree1 Re4 27. Rxe4 Bxb5 28. Rxb5 Qc7 29. Rxe6 Qf7 30. Re2 Qd7 31. Qxd5+ Qxd5 32. Rxd5 h6 33. Rb5 Rf6 34. Re8+ Kh7 35. Rb8 Rc6 36. R8xb6 Rxc3 37. Rxa5 Rxc2 38. Rb7 Rc1+ 39. Kh2 Rc6 40. Raa7 Rg6 41. Rxg7+ Rxg7 42. Rxg7+ Kxg7 43. Kh3 Kg6 44. Kg4 h5+ 45. Kh4 Kh6 46. f3 Kg6 47. f4 Kh6 48. f5 Kh7 49. Kxh5 Kg7 50. Kg5 Kf7 51. f6 Kf8 52. Kg6 Kg8 53. g4 Kf8 54. f7 1-0

[Event "Djerba Festival Blitz 2025"]
[Site "Djerba"]
[Date "2025.02.21"]
[Round "8.25"]
[White "Sazlik, Mucahit"]
[Black "Marceil, Jean"]
[Result "1-0"]
[ECO "D66"]
[WhiteElo "1672"]
[BlackElo "1901"]
[PlyCount "29"]
[EventDate "2025.02.15"]
[EventType "swiss"]
[EventCountry "TUN"]
[TimeControl "180+3"]

1. d4 d5 2. c4 e6 3. Nc3 Nf6 4. Bg5 Be7 5. e3 O-O 6. Nf3 a6 7. Rc1 dxc4 8. Bxc4 b5 9. Bd3 Bb7 10. O-O Nbd7 11. Bb1 c5 12. a3 c4 13. Qc2 h6 14. Bxf6 Bxf6 15. Qh7# {[%emt 0:02:32] Bc8} 1-0

[Event "Djerba Festival Blitz 2025"]
[Site "Djerba"]
[Date "2025.02.21"]
[Round "8.27"]
[White "Rekik Ismail"]
[Black "Badrakova, Kseniya"]
[Result "1-0"]
[ECO "A21"]
[WhiteElo "2006"]
[BlackElo "1757"]
[PlyCount "45"]
[EventDate "2025.02.15"]
[EventType "swiss"]
[EventCountry "TUN"]
[TimeControl "180+3"]

1. c4 e5 2. Nc3 Bc5 3. Nf3 d6 4. d3 a6 5. g3 Nf6 6. Bg2 Nc6 7. O-O h5 8. e3 Ba7 9. d4 e4 10. Ng5 Bf5 11. c5 d5 12. Qb3 Rb8 13. h4 Qd7 14. f3 exf3 15. Rxf3 Ng4 16. Bd2 f6 17. Rxf5 Qxf5 18. Rf1 Qd3 19. Qxd5 Ne7 20. Qf7+ Kd7 21. Qe6+ Ke8 22. c6 fxg5 23. Qd7# 1-0

[Event "Djerba Festival Blitz 2025"]
[Site "Djerba"]
[Date "2025.02.21"]
[Round "8.29"]
[White "Benzarti, Thabet"]
[Black "Boudnani, Brahim"]
[Result "0-1"]
[ECO "A55"]
[WhiteElo "1664"]
[BlackElo "1721"]
[PlyCount "48"]
[EventDate "2025.02.15"]
[EventType "swiss"]
[EventCountry "TUN"]
[TimeControl "180+3"]

1. d4 d6 2. c4 Nf6 3. Nc3 Nbd7 4. e4 c6 5. Nf3 e5 6. d5 c5 7. Bd3 Be7 8. O-O a6 9. a4 Qc7 10. h3 h6 11. Be3 g5 12. Nh2 Nf8 13. f3 Ng6 14. Ng4 Nf4 15. Bc2 h5 16. Nxf6+ Bxf6 17. Rb1 g4 18. fxg4 hxg4 19. Bxf4 exf4 20. hxg4 Be5 21. Qd2 Qe7 22. Ne2 Qh4 23. Nxf4 Bd4+ 24. Rf2 Qh1# 0-1

[Event "Djerba Festival Blitz 2025"]
[Site "Djerba"]
[Date "2025.02.21"]
[Round "8.30"]
[White "Saidi, Bouziane"]
[Black "Badya, Vasily"]
[Result "1/2-1/2"]
[ECO "B08"]
[WhiteElo "1710"]
[BlackElo "1765"]
[PlyCount "196"]
[EventDate "2025.02.15"]
[EventType "swiss"]
[EventCountry "TUN"]
[TimeControl "180+3"]

1. e4 d6 2. Nf3 Nf6 3. Nc3 g6 4. d4 Bg7 5. Bc4 O-O 6. O-O Nxe4 7. Bxf7+ Rxf7 8. Nxe4 Bg4 9. c3 Bxf3 10. gxf3 e5 11. Ng5 Rf6 12. Qb3+ Kh8 13. Qxb7 Nd7 14. Qd5 Qf8 15. Ne6 Qg8 16. Nxc7 Qxd5 17. Nxd5 Rxf3 18. Be3 exd4 19. cxd4 Rb8 20. b3 Rf5 21. Ne7 Rf7 22. Nd5 Nf6 23. Nf4 Ng4 24. Ne6 Nxe3 25. fxe3 Rxf1+ 26. Rxf1 Bh6 27. Rf3 Re8 28. Nf4 Bxf4 29. Rxf4 Rxe3 30. Kf2 Rd3 31. Re4 Rd2+ 32. Kg3 Rxa2 33. Re6 d5 34. Rd6 Ra5 35. Kf4 Kg7 36. Ke5 Rb5 37. Rxd5 Rxb3 38. Rd7+ Kh6 39. Rxa7 Rh3 40. d5 Rxh2 41. d6 Re2+ 42. Kd5 Rd2+ 43. Kc6 Rc2+ 44. Kd7 Kg5 45. Rc7 Re2 46. Kc8 Re8+ 47. Kb7 Kf6 48. d7 Rd8 49. Kc6 Ke7 50. Ra7 h5 51. Ra5 Rxd7 52. Re5+ Kd8 53. Rg5 Rg7 54. Kd6 Ke8 55. Ke6 Kf8 56. Kf6 Kg8 57. Rc5 Kh7 58. Kg5 Rf7 59. Rd5 Rg7 60. Ra5 Rf7 61. Rd5 Kg7 62. Re5 Rf1 63. Re7+ Rf7 64. Re5 Kh7 65. Rb5 Kg7 66. Rd5 Re7 67. Rb5 Kf7 68. Rc5 Re6 69. Rc7+ Kf8 70. Ra7 Kg8 71. Rc7 Kf8 72. Ra7 Rd6 73. Rc7 Re6 74. Rh7 Kg8 75. Ra7 Kf8 76. Rb7 Re7 77. Rb8+ Kf7 78. Rb6 Re5+ 79. Kf4 Re6 80. Rb7+ Kf6 81. Rb8 Rd6 82. Rf8+ Kg7 83. Rb8 Kf6 84. Rf8+ Ke6 85. Kg5 Ke5 86. Re8+ Kd4 87. Re1 Kd5 88. Rd1+ Kc6 89. Rc1+ Kd7 90. Re1 Re6 91. Rd1+ Ke7 92. Rf1 Re5+ 93. Kxg6 h4 94. Rh1 Re4 95. Kg5 h3 96. Rxh3 Re5+ 97. Kg6 Re6+ 98. Kg7 Kd8 1/2-1/2

[Event "Djerba Festival Blitz 2025"]
[Site "Djerba"]
[Date "2025.02.21"]
[Round "8.32"]
[White "Fengal, Zineddine"]
[Black "Azreug, Lazhar"]
[Result "0-1"]
[ECO "A48"]
[WhiteElo "1439"]
[BlackElo "1793"]
[PlyCount "66"]
[EventDate "2025.02.15"]
[EventType "swiss"]
[EventCountry "TUN"]
[TimeControl "180+3"]

1. d4 Nf6 2. Nf3 g6 3. Bf4 Bg7 4. e3 O-O 5. Be2 c5 6. c3 d6 7. Nbd2 Nc6 8. h3 Be6 9. O-O Qb6 10. Qc1 cxd4 11. exd4 Rac8 12. Nb3 Bxb3 13. axb3 Qxb3 14. Qd2 a6 15. Ra3 Qb6 16. Bd3 Na5 17. Rfa1 Nc4 18. Bxc4 Rxc4 19. Qe2 Rfc8 20. Nd2 R4c7 21. Rb3 Qc6 22. Bg3 Nd5 23. Ne4 Nb6 24. Nd2 Qd5 25. Rxb6 Bh6 26. Nf3 Qf5 27. Rb3 Qd5 28. Rba3 Rc6 29. Bh4 Bf8 30. Ra5 Qb3 31. R1a3 Qc4 32. Qe3 Rb6 33. Nd2 Qc7 0-1